Map: Fields of Shazir

Players

EveryLevel

  • Race: Zerg Zerg
  • League: Gold
  • Spawn Location: 3:00

ZephyR

  • Race: Zerg Zerg
  • Spawn Location: 5:00

AbChero

  • Race: Terran Terran
  • Spawn Location: 3:00

BlackNova - Winner!

  • Race: Protoss Protoss
  • Spawn Location: 9:00

Metasapien - Winner!

  • Race: Zerg Zerg
  • League: Platinum
  • Spawn Location: 9:00

ace - Winner!

  • Race: Protoss Protoss
  • Spawn Location: 7:00

VOD

Have the link to the VOD?

Description

Time

  • Played on: Sept. 23, 2017, 8:44 p.m.
  • Length: 17:06
Show
View Real Time Build Order
Export as new Build Order

EveryLevel Zerg 

Build Orders: Pool First 

Get SALT Encoding   

  12  0:03  Drone  
  13  0:19  Drone  
  14  0:22  Extractor  
  14  0:27  Overlord  
  13  0:30  Drone  
  14  0:42  Spawning Pool  
  14  0:46  Drone  
  14  0:50  Drone  
  15  0:58  Drone  
  15  1:04  Drone  
  17  1:30  Zergling x4  
  17  1:32  Queen  
  21  1:35  Metabolic Boost  
  21  1:37  Zergling x2  
  22  1:52  Overlord  
  22  1:57  Overlord  
  22  2:13  Zergling x2  
  23  2:18  Zergling x2  
  24  2:32  Hatchery  
  24  2:35  Zergling x2  
  23  2:43  Drone x2  
  25  2:49  Drone  
  25  2:50  Extractor  
  25  2:53  Drone  
  23  3:14  Zergling x4  
  23  3:17  Drone  
  24  3:28  Zergling x8  
  28  3:40  Drone  
  29  3:54  Drone x2  
  29  3:55  Drone  
  32  3:58  Drone  
  32  3:59  Drone x2  
  34  4:15  Zergling x6  
  32  4:20  Zergling x2  
  32  4:32  Evolution Chamber  
  32  4:36  Spine Crawler  
  30  4:39  Drone x4  
  30  4:41  Lair  
  34  4:47  Drone, Extractor  
  34  4:48  Extractor  
  33  4:55  Drone x4  
  37  5:06  Drone  
  37  5:07  Drone  
  39  5:20  Spore Crawler  
  38  5:22  Drone x4  
  38  5:25  Queen  
  44  5:35  Overlord  
  44  5:36  Overlord  
  44  5:42  Overlord  
  44  5:54  Drone x2  
  44  5:55  Drone  
  47  5:57  Spire  
  47  6:01  Overlord  
  46  6:15  Overlord  
  46  6:16  Drone x2  
  48  6:34  Drone x2  
  48  6:35  Drone  
  48  6:37  Overlord  
  51  7:09  Mutalisk x4  
  51  7:10  Mutalisk x4  
  51  7:12  Zerg Flyer Armor Level 1  
  51  7:13  Mutalisk x3  
  73  7:18  Mutalisk  
  73  7:22  Drone  
  76  7:28  Mutalisk  
  78  7:37  Mutalisk  
  80  7:54  Mutalisk x4  
  80  7:55  Mutalisk  
  90  8:01  Drone x2  
  91  8:25  Spine Crawler x2  
  89  8:27  Zergling x4  
  89  8:29  Overlord x2  
  89  8:30  Overlord  
  91  8:43  Overlord x2  
  91  8:48  Zerg Ground Armor Level 1  
  91  8:50  Drone  
  92  8:59  Zergling x4  
  94  9:05  Mutalisk x5  
  94  9:09  Zerg Flyer Weapons Level 1  
  104  9:13  Hatchery  
  103  9:34  Zergling x12  
  103  9:35  Zergling x2  
  106  9:55  Zergling x8  
  84  10:19  Zergling x12  
  84  10:25  Drone x2  
  86  10:34  Zergling x4  
  88  10:40  Overlord  
  88  10:42  Zerg Melee Weapons Level 1  
  88  10:48  Hatchery  
  85  10:52  Zergling x2, Mutalisk x2  
  58  11:01  Mutalisk  
  58  11:03  Zerg Flyer Armor Level 2  
  60  11:07  Mutalisk x2  
  63  11:15  Mutalisk x3  
  65  11:27  Mutalisk x3  
  70  11:35  Mutalisk x3  
  76  11:41  Mutalisk  
  76  11:43  Drone  
  79  11:59  Hatchery  
  79  12:00  Mutalisk x2, Hatchery  
  81  12:03  Extractor  
  81  12:06  Zergling x4  
  81  12:07  Extractor  
  81  12:13  Extractor, Hatchery  
  79  12:25  Zergling x12  
  85  12:41  Zergling x4  
  85  12:42  Zergling x2  
  88  12:50  Mutalisk  
  88  12:51  Mutalisk x5  
  100  13:12  Mutalisk x2  
  98  13:14  Zergling x4  
  73  13:32  Zergling x8  
  23  14:48  Overlord x3  
  17  15:07  Drone  
Show
View Real Time Build Order
Export as new Build Order

ZephyR Zerg 

Build Orders: Pool First 

Get SALT Encoding   

  12  0:09  Drone  
  13  0:17  Overlord  
  13  0:26  Drone  
  14  0:45  Drone x3  
  17  0:50  Extractor  
  16  0:58  Spawning Pool  
  16  1:03  Drone  
  16  1:11  Drone  
  17  1:33  Hatchery  
  16  1:43  Drone  
  16  1:46  Queen  
  19  1:50  Metabolic Boost  
  19  1:55  Zergling x4  
  21  2:11  Spine Crawler  
  20  2:18  Zergling x2  
  20  2:19  Zergling x2  
  22  2:51  Hatchery  
  21  3:06  Roach Warren  
  20  3:38  Drone  
  20  3:41  Overlord x4  
  21  3:42  Extractor  
  20  3:54  Drone  
  21  4:07  Drone  
  21  4:08  Drone  
  23  4:14  Drone x5  
  23  4:15  Queen  
  30  4:20  Drone  
  31  4:31  Drone  
  32  4:49  Drone  
  32  4:50  Drone x2  
  32  4:52  Drone x3  
  37  4:57  Overlord  
  37  5:02  Lair  
  37  5:07  Drone  
  37  5:08  Drone x2, Spore Crawler  
  37  5:09  Drone x2  
  41  5:15  Spore Crawler  
  41  5:18  Drone  
  41  5:27  Drone x2  
  41  5:28  Drone  
  44  5:32  Extractor  
  44  5:33  Extractor  
  44  5:34  Spine Crawler  
  42  5:39  Evolution Chamber  
  41  5:45  Roach x4  
  41  5:49  Queen  
  49  5:50  Drone  
  49  5:55  Drone  
  49  5:56  Drone x2  
  55  6:04  Overlord x2  
  55  6:13  Zerg Missile Weapons Level 1  
  55  6:30  Hydralisk Den, Drone x2  
  55  6:31  Hatchery  
  55  6:38  Roach x5  
  65  6:49  Drone x2  
  65  6:50  Drone x3  
  70  6:55  Queen  
  70  6:58  Ravager x3  
  75  7:05  Muscular Augments  
  75  7:09  Overseer  
  75  7:23  Overlord  
  75  7:24  Overlord x2  
  75  7:48  Hydralisk  
  75  7:49  Hydralisk x8  
  93  8:01  Drone x3, Queen  
  98  8:12  Glial Reconstitution  
  98  8:17  Hydralisk  
  98  8:18  Hydralisk x2  
  104  8:22  Overlord x2  
  104  8:26  Drone  
  105  8:28  Overlord x2  
  105  8:33  Overlord  
  105  8:34  Overlord  
  105  8:40  Zerg Ground Armor Level 1  
  105  8:50  Spore Crawler  
  105  8:52  Drone x2, Extractor  
  105  8:53  Drone  
  105  8:54  Drone x3, Extractor  
  108  9:08  Overseer  
  108  9:09  Overseer  
  108  9:11  Hydralisk x3  
  106  9:25  Overseer  
  106  9:26  Overseer  
  106  9:28  Roach  
  106  9:29  Roach x5  
  105  9:46  Hydralisk x3  
  105  9:47  Hydralisk  
  112  9:53  Drone  
  112  9:58  Ravager x4  
  117  10:08  Hatchery  
  117  10:11  Ravager x3  
  119  10:17  Lurker Den  
  119  10:21  Hydralisk x2  
  123  10:46  Hydralisk x5  
  133  11:03  Hydralisk x4  
  102  11:36  Hydralisk x7  
  102  11:37  Hydralisk  
  118  11:45  Zerg Missile Weapons Level 2  
  118  11:58  Drone x6  
  118  11:59  Drone  
  105  12:43  Hydralisk x8  
  105  12:44  Hydralisk x3  
  80  12:45  Hydralisk  
  78  12:53  Drone x3  
  78  12:54  Drone  
  82  12:59  Extractor  
  81  13:11  Hydralisk x4  
  79  13:21  Infestation Pit  
  58  13:37  Hydralisk x4  
  58  13:38  Hydralisk  
  68  13:47  Queen  
  68  13:48  Drone  
  71  14:01  Hydralisk x3  
  77  14:32  Hydralisk  
  77  14:33  Hydralisk x5  
  89  14:57  Hydralisk x2  
  93  15:16  Hydralisk  
  93  15:17  Hydralisk x7  
  105  15:29  Hydralisk x2  
  105  15:30  Hydralisk  
  111  15:36  Spore Crawler  
  111  15:41  Spore Crawler  
  109  15:53  Spore Crawler  
  109  15:54  Spore Crawler  
  109  15:56  Spore Crawler  
  106  15:57  Spore Crawler  
  106  15:58  Spore Crawler  
  94  16:25  Hydralisk x6  
Show
View Real Time Build Order
Export as new Build Order

AbChero Terran 

Build Orders: MMM Bio 

Get SALT Encoding   

  12  0:02  SCV  
  13  0:18  SCV, Supply Depot  
  14  0:31  SCV  
  15  0:40  Barracks  
  15  0:43  SCV  
  15  0:49  Refinery  
  16  0:55  SCV  
  17  1:08  SCV  
  18  1:20  SCV  
  19  1:38  Marine  
  20  1:43  SCV  
  21  1:56  Marine  
  22  2:09  Refinery  
  22  2:13  Orbital Command  
  22  2:15  Marine  
  22  2:16  Factory  
  22  2:20  Supply Depot  
  23  2:49  Marine  
  24  3:00  Factory Tech Lab  
  24  3:01  SCV  
  25  3:06  Command Center  
  25  3:12  Marine  
  25  3:17  SCV  
  25  3:19  Supply Depot  
  27  3:22  Siege Tank  
  29  3:41  Marine  
  29  3:46  SCV  
  30  4:03  Siege Tank  
  30  4:04  Marine  
  34  4:18  Barracks  
  18  4:43  Marine  
  18  4:45  Widow Mine  
  18  5:00  SCV  
  19  5:08  Marine x2  
  19  5:13  SCV  
  22  5:24  Engineering Bay  
  22  5:38  Widow Mine  
  22  5:41  Marine x2  
  26  5:51  Barracks  
  26  6:03  Terran Infantry Weapons Level 1  
  26  6:05  Barracks Tech Lab, Barracks Reactor  
  26  6:12  SCV  
  26  6:15  SCV  
  28  6:24  SCV  
  29  6:26  Widow Mine  
  29  6:27  SCV  
  29  6:30  Stimpack, Marine  
  33  6:39  SCV  
  34  6:40  Starport  
  34  6:42  Marine x2  
  34  6:46  SCV  
  37  6:52  Barracks Reactor, SCV  
  38  6:56  Widow Mine  
  40  7:03  Marine  
  40  7:04  SCV, Marine x2  
  44  7:16  SCV  
  44  7:22  Marine x3  
  48  7:28  SCV  
  44  7:42  Marine x3  
  44  7:43  Marine x2  
  46  8:00  Missile Turret  
  46  8:12  Supply Depot  
  46  8:14  Supply Depot  
  46  8:20  Starport Reactor  
  46  8:29  Supply Depot  
  46  8:31  Supply Depot  
  46  8:33  Marine x2  
  46  8:34  SCV  
  49  8:36  Terran Infantry Armor Level 1  
  49  8:42  Armory  
  49  8:44  Combat Shields  
  49  8:46  SCV  
  50  8:55  Marine  
  50  8:56  Marine x3  
  50  8:57  Marine  
  42  9:30  Medivac  
  44  9:35  SCV  
  45  9:43  Marine x5  
  50  10:00  SCV  
  50  10:01  Marine  
  50  10:05  Marine x2  
  50  10:06  Marine x2  
  56  10:08  Medivac x2  
  56  10:12  SCV  
  61  10:15  Missile Turret  
  61  10:18  Marine  
  62  10:24  SCV  
  62  10:25  Marine x2  
  62  10:26  Marine  
  66  10:31  Marine  
  67  10:42  Marine  
  67  10:43  Marine x2  
  70  10:58  Marine x2  
  70  11:00  Marine  
  70  11:01  Marine  
  74  11:33  Marine x4  
  78  11:45  Supply Depot  
  78  11:46  Supply Depot  
  78  11:54  Terran Infantry Weapons Level 2  
  78  12:06  Marine x2  
  53  12:36  Medivac x2  
  45  12:38  Marine x5  
  50  12:56  Marine x3  
  50  12:58  Marine x2  
  55  13:06  Medivac  
  57  13:14  Marine  
  57  13:16  Marine x2  
  57  13:17  Marine x2  
  62  13:31  Marine  
  63  13:34  Marine x2  
  65  13:47  Marine x2  
  67  13:49  Medivac x2, Marine  
  67  13:52  Marine x2  
  74  14:04  Marine  
  74  14:05  Marine  
  74  14:07  Marine  
  77  14:10  Marine x2  
  77  14:16  Terran Infantry Armor Level 2  
  79  14:22  Marine x2  
  81  14:25  Marine  
  82  14:34  Medivac  
  82  14:35  Medivac  
  86  14:49  Marine x4  
  86  14:51  Marine  
  91  15:07  Marine x4  
  91  15:11  Marine  
  96  15:25  Marine x4  
  100  15:28  Marine  
  100  15:31  Medivac  
  103  15:44  Marine x3  
  106  15:55  Marine x2  
  108  16:02  Marine  
  109  16:08  Medivac  
Show
View Real Time Build Order
Export as new Build Order

BlackNova Protoss - Winner!

Build Orders: Oracle Opening, Phoenix Opening, Carrier Rush 

Get SALT Encoding   

  12  0:01  Probe (Chrono Boost)  
  13  0:12  Probe (Chrono Boost)  
  14  0:20  Pylon  
  14  0:23  Probe (Chrono Boost)  
  15  0:35  Assimilator  
  15  0:38  Probe (Chrono Boost)  
  16  0:46  Gateway  
  16  0:50  Probe (Chrono Boost)  
  17  1:00  Probe (Chrono Boost)  
  17  1:03  Assimilator  
  19  1:11  Probe (Chrono Boost)  
  19  1:22  Probe (Chrono Boost)  
  19  1:25  Pylon  
  20  1:32  Probe (Chrono Boost)  
  21  1:42  Pylon  
  21  1:49  Cybernetics Core  
  21  1:53  Probe (Chrono Boost)  
  22  2:04  Probe (Chrono Boost)  
  23  2:11  Zealot (Chrono Boost)  
  25  2:25  Mothership Core  
  25  2:28  Stargate  
  27  2:32  Pylon  
  27  2:47  Probe  
  27  2:51  Pylon  
  28  2:59  Probe  
  29  3:19  Oracle (Chrono Boost)  
  32  3:22  Pylon  
  32  3:26  Probe, Fleet Beacon  
  33  3:38  Probe  
  34  3:50  Probe  
  34  3:51  Phoenix (Chrono Boost)  
  34  3:52  Warp Gate (Chrono Boost)  
  37  4:02  Probe  
  38  4:14  Probe  
  39  4:26  Probe  
  40  4:38  Probe  
  41  4:46  Carrier  
  41  4:48  Graviton Catapult (Chrono Boost)  
  41  4:50  Probe  
  48  4:55  Nexus  
  48  5:03  Probe  
  49  5:19  Assimilator  
  49  5:24  Assimilator  
  49  5:26  Pylon  
  49  5:29  Pylon  
  49  5:36  Gateway  
  49  5:37  Gateway  
  55  6:05  Probe, Pylon  
  56  6:16  Probe  
  57  6:26  Probe  
  57  6:32  Carrier (Chrono Boost)  
  64  6:37  Probe  
  65  6:44  Zealot x3  
  71  6:47  Probe  
  71  6:50  Robotics Facility  
  72  7:47  Probe  
  72  7:48  Carrier (Chrono Boost)  
  79  7:52  Stargate  
  79  7:59  Probe  
  80  8:11  Probe  
  81  8:19  Pylon  
  81  8:21  Zealot x3  
  81  8:23  Probe  
  88  8:34  Nexus  
  88  8:35  Probe  
  88  8:36  Assimilator  
  88  8:41  Assimilator  
  89  8:43  Anion Pulse-Crystals  
  89  8:45  Phoenix (Chrono Boost)  
  89  8:48  Probe  
  92  9:00  Probe  
  92  9:02  Phoenix (Chrono Boost)  
  95  9:06  Pylon  
  97  9:10  Phoenix (Chrono Boost)  
  97  9:11  Probe  
  97  9:12  Probe  
  99  9:21  Stargate  
  99  9:22  Probe  
  99  9:24  Pylon, Phoenix (Chrono Boost)  
  102  9:28  Stargate  
  102  9:30  Pylon  
  102  9:32  Protoss Air Weapons Level 1  
  102  9:33  Probe  
  102  9:36  Forge  
  103  9:54  Stalker x3  
  107  10:31  Carrier (Chrono Boost)  
  131  10:42  Carrier x2 (Chrono Boost)  
  131  10:45  Carrier (Chrono Boost)  
  130  11:01  Zealot x3  
  136  11:27  Probe  
  137  11:35  Gateway  
  137  11:37  Gateway  
  137  11:38  Probe  
  138  11:44  Gateway  
  138  11:48  Pylon  
  138  11:49  Probe  
  138  11:52  Carrier (Chrono Boost)  
  139  11:55  Pylon  
  139  11:59  Probe  
  146  12:10  Probe  
  153  12:19  Carrier (Chrono Boost)  
  149  12:25  Carrier (Chrono Boost)  
  141  12:52  Mothership Core  
  141  12:58  Stalker x3  
  149  13:06  Phoenix (Chrono Boost)  
  149  13:10  Phoenix (Chrono Boost)  
  153  13:21  Pylon  
  153  13:23  Pylon  
  153  13:28  Phoenix (Chrono Boost)  
  157  13:35  Phoenix (Chrono Boost)  
  161  13:41  Pylon  
  161  13:42  Phoenix x2 (Chrono Boost)  
  161  13:43  Pylon  
  161  13:47  Stalker x2  
  161  13:48  Stalker x3  
  165  13:50  Phoenix (Chrono Boost)  
  165  14:00  Phoenix (Chrono Boost)  
  167  14:07  Phoenix x2 (Chrono Boost)  
  167  14:09  Photon Cannon  
  174  14:25  Phoenix (Chrono Boost)  
  178  14:32  Phoenix x2 (Chrono Boost)  
  178  14:37  Pylon x2  
  175  15:11  Pylon  
  175  15:12  Pylon  
  173  15:23  Nexus  
  173  15:30  Pylon  
  173  15:33  Pylon  
  173  16:11  Observer  
  156  16:33  Observer  
  135  16:45  Pylon  
  131  16:54  Robotics Bay  
  131  16:59  Robotics Facility  
  131  17:00  Robotics Facility  
  132  17:02  Robotics Facility  
Show
View Real Time Build Order
Export as new Build Order

Metasapien Zerg - Winner!

Build Orders: Hatch First 

Get SALT Encoding   

  12  0:02  Drone  
  13  0:37  Hatchery  
  13  0:39  Overlord  
  12  0:44  Drone  
  13  0:51  Drone  
  13  0:53  Extractor  
  13  0:58  Drone  
  14  1:22  Drone x2  
  14  1:23  Spawning Pool  
  15  1:27  Drone  
  16  2:10  Drone x3  
  16  2:11  Drone x2  
  16  2:12  Drone  
  22  2:26  Queen  
  22  2:28  Queen  
  26  2:30  Spine Crawler  
  26  2:31  Drone  
  26  2:34  Metabolic Boost  
  26  2:37  Drone  
  26  2:41  Drone  
  28  2:48  Overlord  
  28  2:52  Spine Crawler  
  27  2:59  Overlord  
  23  3:15  Zergling x10  
  26  3:28  Drone  
  26  3:31  Drone  
  28  3:37  Queen  
  30  3:43  Drone  
  30  3:48  Drone x2  
  33  4:05  Drone x4  
  33  4:06  Drone  
  35  4:22  Zergling x2  
  35  4:23  Zergling x6  
  39  4:28  Extractor  
  38  4:32  Zergling x2  
  38  4:33  Drone  
  38  4:34  Lair  
  40  4:39  Drone  
  41  4:45  Roach Warren  
  41  4:47  Overlord, Drone  
  41  5:09  Drone, Zergling x2  
  41  5:10  Zergling x2  
  41  5:11  Drone x4  
  48  5:27  Zergling x2  
  48  5:28  Zergling x2  
  50  5:36  Drone  
  50  5:39  Overlord x2  
  50  5:41  Extractor  
  50  5:44  Extractor  
  50  5:46  Hydralisk Den  
  48  5:50  Drone x2  
  48  5:52  Drone  
  48  5:54  Overlord  
  48  5:56  Glial Reconstitution  
  51  5:58  Roach x3  
  57  6:10  Drone x2  
  59  6:14  Hatchery  
  59  6:18  Drone, Evolution Chamber  
  59  6:20  Evolution Chamber  
  59  6:23  Spore Crawler  
  59  6:25  Spore Crawler  
  55  6:26  Overlord x2, Drone  
  55  6:28  Hydralisk x3  
  62  6:37  Hydralisk x2  
  66  6:42  Drone  
  66  6:45  Drone  
  68  6:55  Drone  
  68  6:57  Drone  
  68  6:58  Drone  
  68  6:59  Drone  
  68  7:00  Drone x2  
  74  7:02  Queen  
  74  7:06  Roach x2  
  81  7:08  Ravager x2  
  81  7:09  Overlord, Ravager  
  81  7:13  Overlord  
  83  7:16  Pneumatized Carapace  
  83  7:26  Hydralisk x2  
  83  7:27  Roach  
  89  7:41  Hydralisk x2  
  89  7:42  Hydralisk, Roach  
  97  7:48  Drone  
  97  7:50  Queen  
  100  7:52  Drone  
  100  7:53  Drone x2  
  100  7:54  Drone  
  104  8:12  Hydralisk x3  
  104  8:14  Zergling x2, Roach  
  104  8:16  Overlord x2  
  113  8:34  Drone x2  
  113  8:36  Overlord  
  113  8:37  Overlord  
  113  8:40  Drone, Hydralisk  
  113  8:41  Roach, Hydralisk  
  122  8:48  Zerg Ground Armor Level 1  
  122  8:49  Zerg Missile Weapons Level 1  
  122  8:54  Muscular Augments  
  122  8:58  Drone  
  122  8:59  Drone  
  124  9:03  Drone x2  
  124  9:04  Drone  
  124  9:07  Extractor  
  124  9:08  Extractor  
  125  9:10  Overlord x2  
  125  9:11  Overlord  
  125  9:14  Hydralisk  
  125  9:15  Roach x3  
  133  9:24  Overseer  
  133  9:25  Overseer  
  122  9:51  Hydralisk x5  
  122  9:52  Hydralisk x3  
  120  10:02  Hydralisk  
  120  10:03  Hydralisk x2  
  124  10:08  Queen x2  
  124  10:09  Queen  
  130  10:32  Zergling x2  
  130  10:33  Zergling x2  
  132  10:37  Hatchery  
  132  10:41  Hydralisk x2  
  132  10:42  Overlord x2, Roach x2  
  139  10:43  Overlord  
  139  10:48  Zerg Missile Weapons Level 2  
  134  11:09  Roach, Hydralisk x3  
  134  11:10  Roach x2  
  127  11:22  Hydralisk  
  127  11:23  Roach x2  
  92  11:32  Hydralisk  
  82  11:33  Roach  
  82  11:39  Zergling x8  
  82  11:52  Hydralisk x3  
  88  11:58  Extractor  
  88  11:59  Queen  
  88  12:00  Extractor  
  88  12:01  Drone x2  
  90  12:02  Hydralisk  
  90  12:03  Roach  
  90  12:05  Zergling x8  
  90  12:06  Zergling x10  
  98  12:20  Hydralisk  
  98  12:21  Roach, Hydralisk  
  68  12:34  Hydralisk  
  68  12:35  Zergling x2, Roach x2  
  68  12:36  Zergling x8  
  77  12:49  Drone x3  
  80  12:52  Drone  
  81  13:04  Hydralisk x2  
  81  13:05  Zergling x2, Hydralisk  
  87  13:06  Zergling x12  
  94  13:13  Hydralisk  
  94  13:14  Hydralisk x2  
  100  13:21  Drone x3  
  100  13:29  Drone x3  
  102  13:39  Hydralisk x6  
  113  13:53  Drone x3  
  113  13:54  Drone  
  113  13:55  Drone x2  
  119  14:00  Hydralisk x2  
  119  14:01  Hydralisk x5  
  119  14:02  Hydralisk  
  135  14:10  Drone  
  135  14:14  Nydus Network  
  135  14:41  Hydralisk x2  
  135  14:42  Hydralisk x7  
  135  14:43  Hydralisk x3  
  135  14:44  Overlord  
  135  14:45  Overlord x3  
  159  15:03  Nydus Canal  
  159  15:14  Roach x2, Hydralisk x4  
  159  15:15  Roach x3  
  159  15:17  Zergling x2, Roach  
  180  15:30  Hydralisk  
  180  15:31  Roach x2, Hydralisk x2  
  180  15:32  Roach  
  192  15:36  Hatchery  
  191  15:55  Nydus Canal  
  191  16:03  Overlord x3  
  191  16:25  Infestation Pit  
  160  16:40  Ravager x2  
  160  16:41  Ravager x2  
  153  16:54  Ravager  
Show
View Real Time Build Order
Export as new Build Order

ace Protoss - Winner!

Build Orders:  

Get SALT Encoding   

  12  0:04  Probe (Chrono Boost)  
  13  0:14  Probe (Chrono Boost)  
  14  0:25  Probe (Chrono Boost)  
  14  0:26  Pylon  
  15  0:44  Probe (Chrono Boost)  
  15  0:48  Forge  
  16  0:54  Probe (Chrono Boost)  
  17  1:05  Probe (Chrono Boost)  
  18  1:15  Probe (Chrono Boost)  
  18  1:17  Pylon  
  19  1:37  Pylon  
  19  2:00  Photon Cannon  
  19  2:01  Photon Cannon  
  19  2:03  Photon Cannon  
  19  2:06  Probe (Chrono Boost)  
  20  2:10  Photon Cannon  
  20  2:20  Photon Cannon  
  19  2:31  Photon Cannon  
  19  2:42  Pylon  
  19  2:51  Nexus  
  19  3:02  Gateway  
  19  3:05  Probe (Chrono Boost)  
  20  3:16  Probe (Chrono Boost), Pylon  
  21  3:21  Assimilator  
  21  3:25  Assimilator  
  21  3:42  Pylon  
  21  3:50  Cybernetics Core  
  21  3:54  Probe (Chrono Boost)  
  22  4:05  Probe (Chrono Boost)  
  23  4:14  Photon Cannon, Gateway  
  23  4:16  Photon Cannon  
  23  4:23  Pylon  
  23  4:36  Probe (Chrono Boost)  
  23  4:37  Mothership Core (Chrono Boost)  
  26  4:45  Gateway  
  26  4:52  Pylon  
  26  5:00  Probe (Chrono Boost)  
  27  5:09  Pylon  
  27  5:10  Probe (Chrono Boost)  
  28  5:16  Probe (Chrono Boost)  
  30  5:21  Probe (Chrono Boost)  
  30  5:27  Probe (Chrono Boost)  
  31  5:28  Photon Cannon  
  31  5:32  Photon Cannon  
  31  5:37  Pylon  
  31  5:41  Probe (Chrono Boost)  
  31  5:42  Probe (Chrono Boost)  
  33  5:51  Probe (Chrono Boost)  
  33  5:52  Probe (Chrono Boost)  
  33  5:56  Warp Gate (Chrono Boost)  
  35  5:57  Assimilator  
  35  6:02  Twilight Council  
  35  6:08  Pylon  
  35  6:13  Assimilator  
  35  6:19  Probe  
  35  6:20  Probe  
  37  6:29  Probe  
  39  6:32  Probe  
  39  6:35  Gateway  
  39  6:41  Dark Shrine  
  39  6:47  Gateway  
  39  6:51  Robotics Facility  
  39  6:55  Probe  
  39  6:56  Probe  
  41  7:08  Probe  
  41  7:14  Probe  
  42  7:15  Protoss Ground Weapons Level 1 (Chrono Boost)  
  42  7:20  Probe  
  44  7:25  Probe  
  45  7:35  Forge  
  45  7:38  Pylon  
  45  7:39  Warp Prism  
  47  8:15  Observer  
  47  8:17  Pylon  
  48  8:20  Dark Templar x2  
  48  8:21  Dark Templar x2  
  56  8:40  Dark Templar  
  58  9:10  Dark Templar x4  
  50  9:28  Probe  
  50  9:30  Probe  
  52  9:36  Immortal  
  52  9:37  Stalker  
  58  9:42  Forge  
  56  9:56  Stalker  
  56  9:57  Protoss Shields Level 1 (Chrono Boost), Stalker x2, Protoss Ground Armor Level 1 (Chrono Boost)  
  56  9:58  Stalker  
  64  10:04  Nexus  
  64  10:07  Photon Cannon  
  64  10:10  Photon Cannon  
  64  10:12  Probe  
  64  10:13  Probe, Pylon  
  66  10:17  Pylon  
  66  10:22  Probe  
  66  10:25  Probe  
  66  10:27  Stalker x2  
  66  10:28  Stalker x2  
  76  10:37  Probe  
  77  10:53  Probe  
  77  10:54  Probe  
  79  10:59  Stalker x2  
  79  11:00  Stalker x3  
  79  11:03  Probe  
  89  11:06  Probe  
  91  11:14  Probe  
  92  11:18  Probe  
  93  11:37  Pylon  
  93  11:38  Assimilator  
  93  11:39  Pylon  
  93  11:41  Probe x2  
  93  11:42  Probe  
  93  11:43  Assimilator  
  93  11:46  Photon Cannon x2  
  96  11:54  Probe  
  96  11:58  Stalker x2  
  96  11:59  Stalker x3  
  107  12:14  Templar Archives  
  107  12:27  Protoss Shields Level 2 (Chrono Boost)  
  103  12:52  Stalker x4  
  111  13:00  Protoss Ground Armor Level 2 (Chrono Boost)  
  111  13:02  Pylon  
  111  13:03  Gateway  
  103  13:08  Gateway  
  81  13:30  High Templar  
  81  13:31  High Templar x3  
  79  13:50  Archon x2  
  79  13:53  Probe  
  79  13:54  Probe  
  79  13:55  Probe  
  82  14:04  Probe x2  
  82  14:05  Stalker  
  82  14:06  Stalker x3  
  82  14:07  Probe, Stalker  
  95  14:14  Mothership Core  
  95  14:16  Probe  
  97  14:19  Probe  
  97  14:20  Protoss Ground Weapons Level 2 (Chrono Boost)  
  99  14:24  Blink  
  99  14:31  Probe  
  100  14:43  Pylon  
  100  14:45  Stalker x3  
  106  14:46  Stalker x2  
  106  14:47  Stalker x2  
  114  14:59  Robotics Bay  
  114  15:01  Pylon, Photon Cannon  
  114  15:13  Pylon  
  114  15:21  Nexus  
  114  15:36  Stalker x4  
  114  15:37  Stalker x3  
  114  15:42  Pylon  
  128  15:47  Pylon  
  128  15:49  Assimilator  
  128  15:59  Assimilator  
  128  16:07  Gateway  
  128  16:11  Photon Cannon  
  124  16:29  Pylon x2  
  124  16:31  Pylon, Stalker x4  
  124  16:32  Stalker x2  
  130  16:41  Probe x2  
  130  16:42  Probe x2  
  128  16:51  Probe x2  
Tags
 
Add a new tag
Caveats
  • Supply blocks, unpowered buildings, or Contaminate may cause inaccurate times.
  • Supply counts are checked every 10 seconds.